 Dungeon Sprint DCSS version 0.19.5 (webtiles) character file.

16776 dwjmeijer the Imperceptible (level 12, -1/51 HPs)
             Began as a Spriggan Enchanter on May 4, 2017.
             Was the Champion of Zin.
             Killed from afar by a fire giant (22 damage)
             ... with a fireball
             ... in the Dungeon (Sprint I: "Red Sonja").
             The game lasted 00:13:52 (1830 turns).

dwjmeijer the Imperceptible (Spriggan Enchanter)    Turns: 1830, Time: 00:13:53

Health: -1/51      AC:  7    Str: 10    XL:     12   Next: 13%
Magic:  27/29      EV: 19    Int: 23    God:    Zin [******]
Gold:   445        SH:  0    Dex: 21    Spells: 5 memorised, 23 levels left

rFire  + . .     SeeInvis +     a - +1 dagger
rCold  + . .     Gourm    .     p - +2 robe {rC+ rF+}
rNeg   + + .     Faith    .     (shield restricted)
rPois  .         Spirit   .     (helmet restricted)
rElec  .         Reflect  .     o - +2 cloak {MR+}
rCorr  .         Harm     .     (gloves unavailable)
MR     ++++.     NoTele   +     (boots unavailable)
Stlth  +++++++++.               (no amulet)
                                r - ring of the Eight Wishes {rN+ MR+ Str+3 Dex+2}
                                q - ring of Vuaxoeh {rN+ Str+3 Int+4}

@: very quick
A: unfitting armour, see invisible, herbivore 3, speed 3, slow metabolism 2
a: Recite, Vitalisation, Imprison, Sanctuary, Donate Gold, Cure All Mutations,
Renounce Religion


You were in the Dungeon.
You worshipped Zin.
Zin was exalted by your worship.
You were not hungry.

You visited 1 branch You collected 2119 gold pieces.
You spent 1642 gold pieces at shops.
You donated 32 gold pieces to Zin.

Inventory:

Hand Weapons
 a - a +1 dagger (weapon)
Armour
 b - a +1 robe
 l - a +0 cloak
 m - a +0 troll leather armour
 o - a +2 cloak of magic resistance (worn)
 p - a +2 robe of resistance (worn)
Jewellery
 q - the ring of Vuaxoeh (left hand) {rN+ Str+3 Int+4}
   (You bought it in a shop in the Dungeon)

   [ring of positive energy]

   It affects your strength (+3).
   It affects your intelligence (+4).
   It protects you from negative energy.
 r - the ring of the Eight Wishes (right hand) {rN+ MR+ Str+3 Dex+2}
   (You bought it in a shop in the Dungeon)

   [ring of protection from magic]

   It affects your strength (+3).
   It affects your dexterity (+2).
   It protects you from negative energy.
   It affects your resistance to hostile enchantments.
Wands
 t - a wand of flame (29/48)
Scrolls
 n - 2 scrolls of magic mapping {unknown}
Potions
 e - 3 potions of curing
 g - a potion of haste
 h - 2 potions of magic
 i - a potion of berserk rage
 j - a potion of resistance {unknown}
 k - a potion of cure mutation {unknown}
 s - a potion of cancellation {unknown}
Books
 c - a book of Maledictions

   Spells                             Type                      Level
   a - Corona                         Hexes                        1
   b - Ensorcelled Hibernation        Hexes/Ice                    2
   c - Confuse                        Hexes                        3
   d - Tukima's Dance                 Hexes                        3
   e - Dazzling Spray                 Conjuration/Hexes            3
Comestibles
 d - a bread ration


   Skills:
 - Level 1.1 Short Blades
 - Level 3.0 Dodging
 + Level 24.7 Stealth
 - Level 12.1 Spellcasting
 + Level 20.1 Hexes
 + Level 14.8 Invocations


You had 23 spell levels left.
You knew the following spells:

 Your Spells              Type           Power        Failure   Level  Hunger
a - Corona                Hex            #######      0%          1    None
b - Ensorcelled Hibernat  Hex/Ice        ######       1%          2    None
c - Confuse               Hex            #######.     0%          3    None
d - Dazzling Spray        Conj/Hex       ######       1%          3    None
e - Tukima's Dance        Hex            #######.     0%          3    None


Dungeon Overview and Level Annotations

Branches:
Dungeon (1/1)

Altars:
Cheibriados
Dithmenos
Elyvilon
Fedhas
Gozag
Hepliaklqana
Kikubaaqudgha
Makhleb
Nemelex Xobeh
Okawaru
Qazlal
Ru
Sif Muna
Trog
Uskayaw
Vehumet
Xom
Yredelemnul
Zin
The Shining One
Jiyva
Lugonu

Shops:
D [[[?!(:(?*%?==(:?*[[[


Innate Abilities, Weirdness & Mutations

You are very small and have problems with some larger weapons.
You are too small for most types of armour.
You have supernaturally acute eyesight. (SInv)
You are a herbivore.
You cover ground extremely quickly.
You need consume almost no food.


Message History

Confirm with . or Enter, or press ? or * to list all spells.
Aiming: Ensorcelled Hibernation
Press: ? - help, Shift-Dir - straight line, f - fire giant
Aim: a fire giant, wielding a great sword of flaming (chance to defeat MR: 22%)
The fire giant resists with almost no effort.
The fire giant shouts!
The fire giant casts a spell at you. The bolt of fire hits you! You resist.
Ouch! That really hurt!
* * * LOW HITPOINT WARNING * * *
You feel much better. The fire giant casts a spell at you.
The bolt of fire misses you.
Okay, then.
The fire giant casts a spell at you.
The bolt of fire hits the fire giant.
The fire giant resists.
The bolt of fire hits you! You resist.
The fire giant points at you and mumbles some strange words.
The fireball explodes!
The fireball engulfs you! You resist.
You die...

##+###.§.#^....#..###$#
##.'.#...###++##.##..$#
.###.#..## #..#+###
(∩##.#..# ##...#
####§##'# ###.#
..##§##.# #.# ..§§§####
#.# ####§# ####'#
...#§# ###@...#
..#'§#%$/#####...####
.≈####?...CCC..### ≈≈#
(..C.##### ≈## ... ## .
### ∩∩# ∩##


You could see 3 fire giants.

Vanquished Creatures
  A hydra (D)
  2 centaur warriors (D)
  Sonja (D)
  7 unseen horrors (D)
  A deep troll (D)
  A lindwurm (D)
  An oklob plant (D)
  8 shining eyes (D)
  A gargoyle (D)
  4 demonic crawlers (D)
  2 kobold demonologists (D)
  A hornet (D)
  A slime creature (D)
  Sigmund (D)
  2 redbacks (D)
  A yak (D)
  13 hogs (D)
  7 floating eyes (D)
  An ogre (D)
  7 necrophages (D)
  8 jellies (D)
  Ijyb (D)
  A ballistomycete (D)
  A ballistomycete spore (D)
74 creatures vanquished.

Vanquished Creatures (others)
  A ballistomycete spore (D)
  2 pillars of salt (D)
3 creatures vanquished.

Grand Total: 77 creatures vanquished

Notes
Turn   | Place    | Note
-------+----------+-------------------------------------------
     0 | D        | dwjmeijer the Spriggan Enchanter began the quest for the Orb.
     0 | D        | Reached XP level 1. HP: 9/9 MP: 5/5
     2 | D        | Noticed Ijyb
     7 | D        | Killed Ijyb
     7 | D        | Reached skill level 6 in Stealth
     7 | D        | Reached skill level 5 in Hexes
     7 | D        | Reached XP level 2. HP: 11/13 MP: 5/8
    39 | D        | Learned a level 2 spell: Ensorcelled Hibernation
    40 | D        | Noticed an ogre
    45 | D        | Killed an ogre
    45 | D        | Reached skill level 9 in Stealth
    45 | D        | Reached XP level 3. HP: 16/16 MP: 4/12
    45 | D        | Reached XP level 4. HP: 21/21 MP: 4/13
    60 | D        | Learned a level 3 spell: Confuse
   119 | D        | Learned a level 3 spell: Dazzling Spray
   123 | D        | Learned a level 3 spell: Tukima's Dance
   124 | D        | Noticed Sigmund
   126 | D        | Killed Sigmund
   126 | D        | Reached skill level 11 in Stealth
   126 | D        | Reached XP level 5. HP: 24/24 MP: 13/17
   138 | D        | Found a deep blue altar of Sif Muna.
   140 | D        | Found a radiant altar of Vehumet.
   144 | D        | Reached XP level 6. HP: 28/28 MP: 14/19
   177 | D        | Found Ozesm's Magic Scroll Emporium.
   177 | D        | Found an ancient bone altar of Kikubaaqudgha.
   177 | D        | Found a hazy altar of Hepliaklqana.
   177 | D        | Found a hide-covered altar of Uskayaw.
   177 | D        | Found a basalt altar of Yredelemnul.
   177 | D        | Found an opulent altar of Gozag.
   177 | D        | Found a snail-covered altar of Cheibriados.
   177 | D        | Found a sacrificial altar of Ru.
   177 | D        | Found a shadowy altar of Dithmenos.
   177 | D        | Noticed a yak
   178 | D        | Found a stormy altar of Qazlal.
   178 | D        | Found a blossoming altar of Fedhas.
   178 | D        | Found a bloodstained altar of Trog.
   178 | D        | Found an iron altar of Okawaru.
   178 | D        | Found a glowing golden altar of the Shining One.
   178 | D        | Found a glowing silver altar of Zin.
   178 | D        | Found a white marble altar of Elyvilon.
   179 | D        | Killed a yak
   179 | D        | Reached skill level 13 in Stealth
   179 | D        | Reached skill level 10 in Spellcasting
   179 | D        | Reached skill level 10 in Hexes
   180 | D        | Found a sparkling altar of Nemelex Xobeh.
   207 | D        | Became a worshipper of Zin the Law-Giver
   207 | D        | Reached * piety under Zin
   207 | D        | Reached ** piety under Zin
   207 | D        | Reached *** piety under Zin
   207 | D        | Reached **** piety under Zin
   207 | D        | Reached ***** piety under Zin
   207 | D        | Reached ****** piety under Zin
   215 | D        | Noticed Sonja
   220 | D        | Killed Sonja
   220 | D        | Reached skill level 15 in Stealth
   220 | D        | Reached XP level 7. HP: 32/32 MP: 18/23
   220 | D        | Reached XP level 8. HP: 36/36 MP: 19/25
   280 | D        | Noticed a deep troll
   284 | D        | Killed a deep troll
   284 | D        | Reached skill level 16 in Stealth
   305 | D        | Found Wunlouge's Armour Emporium.
   335 | D        | Found Ykid's Armour Boutique.
   345 | D        | Noticed a shining eye
   345 | D        | Noticed a shining eye
   345 | D        | Noticed a shining eye
   345 | D        | Noticed a shining eye
   345 | D        | Noticed a shining eye
   345 | D        | Noticed a shining eye
   348 | D        | Noticed a shining eye
   348 | D        | Noticed a shining eye
   349 | D        | Killed a shining eye
   349 | D        | Reached skill level 17 in Stealth
   349 | D        | Reached skill level 5 in Invocations
   349 | D        | Reached XP level 9. HP: 39/39 MP: 26/26
   352 | D        | Killed a shining eye
   354 | D        | Reached skill level 18 in Stealth
   356 | D        | Killed a shining eye
   361 | D        | Reached skill level 15 in Hexes
   373 | D        | Killed a shining eye
   373 | D        | Reached skill level 19 in Stealth
   380 | D        | Killed a shining eye
   383 | D        | Killed a shining eye
   383 | D        | Reached XP level 10. HP: 44/44 MP: 10/27
   383 | D        | Killed a shining eye
   383 | D        | Reached skill level 20 in Stealth
   384 | D        | Killed a shining eye
   384 | D        | Reached skill level 10 in Invocations
   391 | D        | Found Jykkov's Distillery.
   391 | D        | Found Maudosmu's Antique Armour Shoppe.
   391 | D        | Found Unulag's Antique Weapon Boutique.
   391 | D        | Found Plog's Antique Armour Emporium.
   405 | D        | Bought a glowing cloak for 315 gold pieces
   417 | D        | Bought a runed robe for 174 gold pieces
   485 | D        | Found a burning altar of Makhleb.
   485 | D        | Found a viscous altar of Jiyva.
   485 | D        | Found a shimmering altar of Xom.
   485 | D        | Found a corrupted altar of Lugonu.
   546 | D        | Noticed a centaur warrior
   546 | D        | Noticed a centaur warrior
   547 | D        | Killed a centaur warrior
   547 | D        | Reached skill level 21 in Stealth
   548 | D        | Killed a centaur warrior
   571 | D        | Noticed an oklob plant
   578 | D        | Killed an oklob plant
   585 | D        | Reached XP level 11. HP: 47/47 MP: 20/28
   861 | D        | Noticed an unseen horror
   861 | D        | Noticed an unseen horror
   866 | D        | Killed an unseen horror
   866 | D        | Reached skill level 22 in Stealth
   868 | D        | Killed an unseen horror
   963 | D        | Found Guti's Weapon Shoppe.
   963 | D        | Found Maenoc's Book Shop.
   963 | D        | Found Avis's Magic Scroll Boutique.
   965 | D        | Found Gaocwad's General Store.
   965 | D        | Found Tuema's Food Shop.
   965 | D        | Found Waeph's Magic Scroll Shoppe.
   965 | D        | Found Tanuat's Jewellery Boutique.
   965 | D        | Found Devistreng's Jewellery Emporium.
   965 | D        | Found Kenep's Antique Weapon Shop.
   965 | D        | Found Kiov's Book Shoppe.
   968 | D        | Found Naapoo's Magic Scroll Boutique.
   969 | D        | Found Homuk's Antique Armour Emporium.
   969 | D        | Found Meluc's General Store.
   970 | D        | Found Zammool's Antique Armour Emporium.
   984 | D        | Bought the ring of Vuaxoeh {rN+ Str+3 Int+4} for 500 gold pieces
   985 | D        | Bought the ring of the Eight Wishes {rN+ MR+ Str+3 Dex+2} for 653 gold pieces
  1379 | D        | Reached skill level 23 in Stealth
  1436 | D        | Noticed a lorocyproca
  1609 | D        | Noticed a lindwurm
  1612 | D        | Killed a lindwurm
  1709 | D        | Noticed a 12-headed hydra
  1711 | D        | Killed a 12-headed hydra
  1711 | D        | Reached skill level 24 in Stealth
  1737 | D        | Noticed a daeva
  1741 | D        | Noticed an unseen horror
  1741 | D        | Noticed an unseen horror
  1741 | D        | Noticed an unseen horror
  1742 | D        | Noticed an unseen horror
  1744 | D        | Killed an unseen horror
  1745 | D        | Noticed an unseen horror
  1746 | D        | Killed an unseen horror
  1747 | D        | Killed an unseen horror
  1747 | D        | Reached XP level 12. HP: 39/51 MP: 29/29
  1818 | D        | Noticed a fire giant
  1823 | D        | Noticed a fire giant
  1824 | D        | Noticed a fire giant
  1825 | D        | Noticed a fire giant
  1830 | D        | Killed from afar by a fire giant

Skill      XL: |  1  2  3  4  5  6  7  8  9 10 11 12 |
---------------+-------------------------------------+-----
Stealth        | 6 9 11 15 17 19 21 24 | 24.7
Spellcasting   | 4 6 9 12 | 12.1
Hexes          | 5 7 9 12 13 15 17 19 20 | 20.1
Invocations    | 5 9 11 14 | 14.8
Short Blades   | |  1.1
Dodging        | |  3.0

Action                   |  1- 3 |  4- 6 |  7- 9 | 10-12 || total
-------------------------+-------+-------+-------+-------++-------
Melee: Dagger            |     6 |     4 |    28 |    78 ||   116
 Cast: Ensorcelled Hiber |     2 |     2 |       |    20 ||    24
       Dazzling Spray    |       |       |     5 |     4 ||     9
       Confuse           |       |       |       |     7 ||     7
Invok: Recite            |       |       |     2 |     5 ||     7
       Vitalisation      |       |       |       |     1 ||     1
  Use: Scroll            |       |       |       |     1 ||     1
       Potion            |       |       |       |     2 ||     2
 Stab: Sleeping          |     3 |     4 |     8 |    43 ||    58
       Confused          |       |       |       |     7 ||     7
       Invisible         |       |       |       |     3 ||     3
Armor: Robe              |       |       |       |     4 ||     4
Dodge: Dodged            |     2 |     1 |       |    40 ||    43
